 Dungeon Crawl Stone Soup version 0.16-a0-3260-g19c2095 (webtiles) character file.

1345281 myeffort the Petrodigitator (level 27, -22/312 (320) HPs)
             Began as a Deep Dwarf Earth Elementalist on Dec 22, 2014.
             Was the Champion of the Shining One.
             Killed from afar by Fyacvug the pandemonium lord (77 damage)
             ... with a crystal spear
             ... on level 12 of the Dungeon on Dec 23, 2014.
             The game lasted 18:57:45 (151351 turns).

myeffort the Petrodigitator (DDEE)                Turns: 151351, Time: 18:57:45

HP:   -22/312 (320) AC: 35    Str: 11      XL:     27
MP:   32/38         EV: 19    Int: 26 (31) God:    the Shining One [******]
Gold: 5641          SH: 20    Dex: 20 (22) Spells: 12 memorised, 2 levels left

rFire  + + .     SeeInvis .     v - staff of energy (curse)
rCold  + . .     Clarity  .     W - +6 pearl dragon armour (curse)
rNeg   + + +     SustAb   +     F - +2 shield {rF+} (curse)
rPois  +         Gourm    .     t - +2 hat (curse)
rElec  +         Spirit   .     L - +2 cloak of Mofykuka {rF+}
rCorr  .         Warding  .     w - +2 pair of gloves of Croymu {rElec} (curse)
rMut   +         Stasis   .     S - +2 pair of boots (curse)
MR     ++++.                    u - amulet "Shoose Newud" {rMut Int+3 Dex+3} (curse)
Stlth  +.........               P - ring of wizardry (curse)
                                k - ring of sustain abilities (curse)

@: very slightly contaminated, non-regenerating, glowing, incredibly resistant
to hostile enchantments, very unstealthy
A: damage resistance, recharge devices, horns 1, thin skeletal structure 1,
agile 2, blurry vision 1, cold resistance 1, low mp 1, negative energy
resistance 1, sense surroundings 3, poison resistance, robust 1, slow healing 3,
spit poison 2, weak 1, wild magic 1, MP-powered wands 1
a: Device Recharging, Spit Poison, Divine Shield, Cleansing Flame, Summon Divine
Warrior, Renounce Religion
0: Orb of Zot
}: 15/15 runes: barnacled, slimy, silver, golden, iron, obsidian, icy, bone,
abyssal, demonic, glowing, magical, fiery, dark, gossamer


You were on level 12 of the Dungeon.
You worshipped the Shining One.
The Shining One was exalted by your worship.
You were hungry.

You visited 18 branches of the dungeon, and saw 97 of its levels.
You visited Pandemonium 1 time, and saw 28 of its levels.
You visited the Abyss 2 times.
You visited 1 bazaar.
You also visited: Ice Cave.

You collected 15116 gold pieces.
You spent 5386 gold pieces at shops.
You donated 3740 gold pieces to Zin.

Inventory:

Missiles
 b - 1232 stones (quivered)
Armour
 t - a cursed +2 hat (worn)
 w - the cursed +2 pair of gloves of Croymu (worn) {rElec}
   (You found it on level 8 of the Lair of Beasts)

   It insulates you from electricity.
   It has a curse placed upon it.
 F - a cursed +2 shield of fire resistance (worn)
 L - the +2 cloak of Mofykuka (worn) {rF+}
   (You found it on level 5 of the Vaults)

   It protects you from fire.
 Q - a +2 large shield
 S - a cursed +2 pair of boots (worn)
 W - a cursed +6 pearl dragon armour (worn)
Magical staves
 v - a cursed staff of energy (weapon)
Jewellery
 d - a cursed amulet of warding
 k - a cursed ring of sustain abilities (left hand)
 p - a cursed amulet of resist corrosion
 u - the cursed amulet "Shoose Newud" (around neck) {rMut Int+3 Dex+3}
   (You found it on level 5 of the Shoals)

   [amulet of resist mutation]

   It protects you from mutation.
   It affects your intelligence (+3).
   It affects your dexterity (+3).
   It has a curse placed upon it.
 y - a cursed ring of teleportation
 z - a cursed amulet of faith {unknown}
 P - a cursed ring of wizardry (right hand)
Magical devices
 e - a wand of teleportation (2)
 f - a wand of cold (0)
 h - a wand of heal wounds (0)
 j - a wand of fire (1)
 m - a wand of digging (7)
 A - a wand of fire (7)
 B - a wand of fire (1)
 C - a wand of polymorph (17)
 M - a wand of fire (2)
Scrolls
 a - 2 scrolls of holy word
 n - a scroll of enchant armour
 r - 12 scrolls of fear
 s - 7 scrolls of fog
 D - 13 scrolls of teleportation
 I - 2 scrolls of remove curse
 K - 4 scrolls of blinking
 T - 19 scrolls of identify
Potions
 g - a potion of flight
 q - 3 potions of resistance
 G - 4 potions of curing
 H - 2 potions of might
 O - a potion of brilliance
Books
 l - the Almanac of Envenoming
   (You found it on level 3 of the Tomb of the Ancients)

   Spells                             Type                      Level
   a - Sting                          Conjuration/Poison           1
   b - Cure Poison                    Poison                       2
   c - Mephitic Cloud                 Conjuration/Poison/Air       3
   The Shining One disapproves of the use of such an item.
Miscellaneous
 c - a phial of floods
 i - a stone of tremors
 o - a phantom mirror
 E - an ornate deck of wonders {drawn: 1}
 J - a legendary deck of defence {drawn: 5}
 U - an ornate deck of escape {Velocity}
 V - a crystal ball of energy
Comestibles
 N - 17 beef jerkies
 Z - 17 bread rations


   Skills:
 + Level 25.6 Fighting
 - Level 15.2 Armour
 - Level 16.0 Dodging
 - Level 15.1 Stealth
 O Level 27 Shields
 - Level 15.3 Spellcasting
 O Level 27 Conjurations
 - Level 15.0 Transmutations
 O Level 27 Earth Magic
 O Level 27 Invocations
 O Level 27 Evocations


You had 2 spell levels left.
You knew the following spells:

 Your Spells              Type           Power        Failure   Level  Hunger
a - Sandblast             Erth           ######       1%          1    None
b - Stone Arrow           Conj/Erth      ######       1%          3    None
c - Iron Shot             Conj/Erth      ########..   1%          6    None
d - Lehudib's Crystal Sp  Conj/Erth      ########..   2%          8    None
e - Petrify               Trmt/Erth      ########     1%          4    None
f - Lee's Rapid Deconstr  Erth           ########..   1%          5    None
g - Stoneskin             Trmt/Erth      ########     1%          2    None
h - Iskenderun's Battles  Conj/Chrm      #######.     1%          5    None
i - Shatter               Erth           ########..   19%         9    None
j - Passwall              Trmt/Erth      ########..   1%          3    None
k - Blink                 Tloc           N/A          12%         2    None
l - Statue Form           Trmt/Erth      ########.    1%          6    None


Dungeon Overview and Level Annotations

Branches:
Dungeon (15/15)            Temple (1/1) D:4            Lair (8/8) D:11
 Shoals (5/5) Lair:4       Spider (5/5) Lair:6        Slime (6/6) Lair:6
    Orc (4/4) D:9             Elf (3/3) Orc:3        Vaults (5/5) D:13
  Crypt (3/3) Vaults:2       Tomb (3/3) Crypt:3      Depths (5/5) D:15
   Hell (1/1)                 Dis (7/7) Hell            Geh (7/7) Hell
    Coc (7/7) Hell            Tar (7/7) Hell            Zot (5/5) Depths:5

Altars:
Ashenzari
Cheibriados
Dithmenos
Elyvilon
Fedhas
Gozag
Kikubaaqudgha
Makhleb
Nemelex Xobeh
Okawaru
Qazlal
Ru
Sif Muna
Trog
Vehumet
Xom
Yredelemnul
Zin
The Shining One
Jiyva
Lugonu

Shops:
D:8 !   Orc:3 (   Orc:4 :?((   Elf:3 ?   Vaults:1 [!%   Vaults:2 *   Vaults:3 !
Vaults:5 %

Portals:
Hell: Depths:1 Depths:2 Depths:3 Depths:4 Depths:5
Abyss: Depths:4
Pandemonium: Depths:2 Depths:3 Depths:4
Ziggurat: Depths:1

Annotations:
Shoals:5 shatter
Elf:2 runed door
Crypt:1 3 exclusions
Depths:1 runed door, exclusions: angel, daeva and 2 more exclusions
Depths:4 runed door
Coc:5 1 exclusion
Zot:3 exclusion: 10 oklob plants


Innate Abilities, Weirdness & Mutations

You are resistant to damage.
You can recharge devices by infusing magical energy.
You resist negative energy.
You passively map a large area around you.
You do not heal naturally.
You have a pair of small horns on your head.
You have a somewhat thin skeletal structure (Dex +2, Stealth).
You are very agile. (Dex +4)
Scrolls take you a little longer to read.
Your flesh is cold resistant.
Your magical capacity is low (-10% MP).
Your system is resistant to poisons.
You are robust (+10% HP).
You can spit moderately strong poison.
You are weak. (Str -2)
Your spells are a little harder to cast, but a little more powerful.
You expend magic power (6 MP) to slightly strengthen your wands.


Message History

The green death is smitten.
Casting: Iron Shot
Confirm with . or Enter, or press ? or * to list all spells.
You can't see any susceptible monsters within range! (Use Z to cast anyway.)
Casting: Iron Shot
Confirm with . or Enter, or press ? or * to list all spells.
You can't see any susceptible monsters within range! (Use Z to cast anyway.)
Casting: Iron Shot
Confirm with . or Enter, or press ? or * to list all spells.
You can't see any susceptible monsters within range! (Use Z to cast anyway.) Fyacvug comes into view.
Fyacvug gurgles, "Submit, thou odious muck-plodding gudgeon!"
Your daeva calls down the wrath of the Shining One upon the green death.
The green death is smitten.
Fyacvug casts a spell at you. The crystal spear misses you.
Your skin feels tender.
Fyacvug casts a spell at you. The crystal spear hits you!
You die...

...# ###.##.# #.....##...# ...#
#...##.# #.....##...# ...#
######.####.#####....).....# ...#
#.)!.#...##............##.## .###
#.##.###.####....##......... .#
#.#......# #.##.##....)....
.#####.###########&##.##.....#...
...............AA.............<..
>...............@..A2.........##.
....................)............
.....###.##.#.........#####..###.
..##.# #.##...##....###......##..
#.##.###......##...##...#....##..
..................##.........##..
..#####......###..#...#.##...##..
......###.)..# #.##...#.##..(....
#.......##...###.#....#......(#..


You could see Fyacvug, a green death, 2 friendly daevas and a friendly angel.

Vanquished Creatures
  Antaeus (Coc:7)
  Asmodeus (Geh:7)
  Cerebov (Pan)
  the Serpent of Hell (Dis:7)
  the royal jelly (Slime:6)
  Ereshkigal (Tar:7)
  Mnoleg (Pan)
  7 ancient liches
  Dispater (Dis:7)
  Lom Lobon (Pan)
  Khufu (Crypt:3)
  6 orbs of fire (Zot:5)
  8 pandemonium lords
  10 greater mummies
  Boris (Crypt:1)
  4 shard shrikes
  Norris (Elf:3)
  Saint Roka (Vaults:3)
  6 Killer Klowns
  Geryon (Hell)
  9 golden dragons
  Xtahua (Vaults:3)
  Frederick (Vaults:3)
  8 bone dragons
  2 profane servitors
  Arachne (Spider:2)
  2 electric golems (Zot:5)
  20 Brimstone Fiends
  3 caustic shrikes
  Nikola (Spider:1)
  11 liches
  8 Hell Sentinels
  17 Ice Fiends
  20 tentacled monstrosities
  A hellephant (Hell)
  26 Orb Guardians
  2 deep elf blademasters (Elf:3)
  9 titans
  Asterion (Spider:5)
  9 tentacled starspawn
  6 quicksilver dragons
  15 Shadow Fiends
  2 krakens
  19 sphinxes
  16 acid blobs
  24 Executioners
  An eldritch tentacle (Coc:7)
  10 shadow dragons
  Rupert (D:15)
  2 warmongers (Pan)
  Agnes (Spider:1)
  14 ancient champions
  16 storm dragons
  Frances (Spider:2)
  The ghost of myeffort the Earth Mage, a mighty DDEE of Makhleb (Elf:3)
  5 tengu reavers
  A daeva (Abyss:2)
  13 draconian monks
  5 revenants
  16 azure jellies
  Donald (Spider:4)
  Wiglaf (Depths:2)
  23 fire giants
  2 draconian scorchers
  7 iron dragons
  22 cacodemons
  18 vault wardens
  14 ghouls
  Aizul (Vaults:3)
  5 ghost moths
  13 draconian knights
  23 frost giants
  3 curse skulls
  14 deep elf sorcerers
  9 draconian zealots
  44 balrugs
  41 reapers
  Jorgrun (Elf:3)
  5 spriggan defenders (Depths:3)
  14 emperor scorpions
  24 very ugly things
  5 draconian annihilators
  25 stone giants
  15 war gargoyles
  An elemental wellspring (Coc:7)
  5 draconian shifters
  3 black draconians
  8 grey draconians
  2 draconian callers
  9 deep elf demonologists
  3 chaos champions (Pan)
  7 bennus
  3 blood saints (Pan)
  6 lorocyprocas
  7 salamander firebrands
  A Killer Klown skeleton (Crypt:1)
  12 deep elf annihilators
  3 green draconians
  Azrael (Spider:4)
  10 purple draconians
  4 corrupters (Pan)
  8 white draconians
  6 vampire knights
  4 pale draconians
  6 yellow draconians
  6 dire elephants
  8 unborn
  6 mottled draconians
  10 red draconians
  6 black suns (Pan)
  13 green deaths
  20 mummy priests
  15 merfolk javelineers
  4 eidola
  Snorg (Orc:4)
  7 death oozes (Slime:6)
  8 deep elf death magi
  30 blizzard demons
  34 fire dragons
  23 ettins
  15 great orbs of eyes
  22 ironheart preservers
  4 merfolk impalers
  4 minotaurs
  19 jiangshi
  33 vault guards
  A great orb of eyes (shapeshifter) (Vaults:2)
  26 yaktaur captains
  2 quicksilver dragon zombies
  14 death cobs
  6 deep elf high priests
  Fannar (Orc:2)
  Harold (Lair:2)
  2 quicksilver dragon skeletons
  4 spriggan air magi
  12 hydras
  27 ice dragons
  9 monstrous demonspawn (Pan)
  A ghost crab (Tar:7)
  4 rakshasas
  11 hell beasts
  8 deep troll earth magi
  3 merfolk avatars
  Erica (Lair:3)
  15 centaur warriors
  2 anacondas (shapeshifter)
  An alligator snapping turtle (Shoals:5)
  4 merfolk aquamancers
  5 dancing weapons
  A spectral frost giant (Crypt:1)
  11 deep troll shamans
  2 death knights (Crypt:3)
  3 tengu warriors
  4 vampire magi
  6 holy swine (Pan)
  5 orc high priests
  18 death yaks
  A death yak (shapeshifter) (Depths:3)
  19 ogre magi
  2 satyrs (Shoals:5)
  13 hell hogs
  8 spriggan berserkers
  A titan zombie (Crypt:3)
  A shock serpent (shapeshifter) (Vaults:2)
  2 storm dragon zombies
  2 thrashing horrors
  56 hell knights
  A fire crab (shapeshifter) (Vaults:5)
  A spriggan (Depths:5)
  An iron golem (Dis:5)
  34 soul eaters
  3 salamander mystics
  A fire crab (Lair:2)
  3 catoblepae
  4 wretched stars
  A spatial maelstrom (Abyss:3)
  50 sun demons
  Erolcha (D:9)
  59 death scarabs
  A catoblepas (shapeshifter) (Vaults:5)
  24 deep trolls
  4 storm dragon skeletons
  6 titan skeletons
  22 deep elf knights
  2 golden dragon zombies
  A ball lightning (Pan)
  108 skeletal warriors
  3 putrid demonspawn (Pan)
  20 shadow demons
  2 ghost moth zombies
  7 gelid demonspawn (Pan)
  27 ice devils
  13 shadow wraiths
  4 anaconda zombies
  12 unseen horrors
  10 sea snakes
  4 giant orange brains
  6 infernal demonspawn (Pan)
  A death drake (Tar:7)
  17 hill giants
  5 ice statues
  8 wizards
  19 flayed ghosts
  9 torturous demonspawn (Pan)
  A golden dragon skeleton (Tar:7)
  23 deep elf summoners
  11 harpies
  2 shadow dragon zombies
  13 anubis guards
  Pikel (D:4)
  2 hill giants (shapeshifter) (Depths:3)
  8 red wasps
  38 wolf spiders
  9 shining eyes
  2 wolf spider zombies (Tar:7)
  An orb spider (shapeshifter) (Elf:2)
  21 deep elf conjurers
  8 oklob plants
  23 necromancers
  2 shadow dragon skeletons
  19 orc knights
  22 ironbrand convokers
  6 anaconda skeletons
  A wolf spider (shapeshifter) (Depths:2)
  3 stone giant zombies
  5 salamanders
  16 griffons
  2 iron dragon zombies
  A draconian zombie (Zot:5)
  A worldbinder (Abyss:2)
  7 fire giant zombies
  17 orb spiders
  6 frost giant zombies
  61 ugly things
  A salamander (shapeshifter) (Vaults:2)
  5 orc sorcerers
  23 cyclopes
  A draconian (shapeshifter) (D:15)
  21 manticores
  An apocalypse crab (Abyss:3)
  An elephant (shapeshifter) (Depths:1)
  10 elephants
  6 iron dragon skeletons
  14 sirens
  2 black mambas (shapeshifter)
  3 spriggan zombies (Depths:1)
  11 phantasmal warriors
  9 fauns
  3 shock serpent zombies
  4 water nymphs
  9 frost giant skeletons
  30 sixfirhies
  31 moths of wrath
  2 fire giant skeletons
  30 orange demons
  20 vault sentinels
  2 black mambas
  2 stone giant skeletons
  24 rust devils
  4 eyes of devastation
  24 hellions
  3 dire elephant zombies
  14 torpor snails
  3 grey draconian zombies
  2 gargoyles
  14 spiny frogs
  38 smoke demons
  7 dire elephant skeletons
  7 molten gargoyles (Geh:7)
  3 emperor scorpion zombies
  8 efreet
  A death yak zombie (Crypt:1)
  A spiny frog (shapeshifter) (Vaults:1)
  A yaktaur zombie (Vaults:4)
  20 demonic crawlers
  An alligator snapping turtle skeleton (Crypt:1)
  11 kobold demonologists
  27 tormentors
  A white draconian zombie (Zot:3)
  A shock serpent skeleton (Crypt:1)
  3 tengu conjurers
  An anaconda simulacrum (Hell)
  A redback zombie (Crypt:2)
  A pale draconian skeleton (Pan)
  10 komodo dragons
  45 guardian mummies
  13 hellwings
  6 ancient zymes
  79 yaktaurs
  A yaktaur (shapeshifter) (Vaults:3)
  A death yak skeleton (Depths:1)
  42 merfolk
  A ghost moth simulacrum (Crypt:3)
  A white draconian skeleton (Crypt:2)
  13 trolls
  11 hydra zombies
  A tengu simulacrum (Vaults:3)
  33 blue devils
  18 deep elf priests
  4 harpy zombies
  42 two-headed ogres
  2 fire drakes (shapeshifter)
  A fire drake (Lair:6)
  30 freezing wraiths
  63 red devils
  37 large abominations
  A moth of wrath zombie (Zot:5)
  2 catoblepas zombies
  21 polar bears
  9 wind drakes
  Grinder (D:5)
  3 ravens
  A wind drake (shapeshifter) (Vaults:2)
  27 jumping spiders
  A blink frog (shapeshifter) (Vaults:4)
  11 ettin zombies
  2 hydra skeletons
  12 snapping turtles
  2 raiju (shapeshifter)
  20 small abominations
  A wolf spider simulacrum (Tomb:2)
  10 raiju
  A raven (shapeshifter) (Vaults:2)
  A trapdoor spider zombie (D:9)
  16 blink frogs
  2 catoblepas skeletons
  10 boulder beetles
  11 ushabtiu
  2 bog bodies (Crypt:1)
  3 harpy skeletons
  An iron dragon simulacrum (Coc:5)
  155 flying skulls
  8 alligator zombies
  2 black mamba zombies
  3 basilisks
  3 fire dragon zombies
  164 slime creatures
  9 human zombies
  21 starcursed masses
  31 ynoxinuls
  An air elemental (Depths:2)
  2 ettin skeletons
  17 trapdoor spiders
  57 redbacks
  A redback (shapeshifter) (D:11)
  23 wraiths
  4 alligator skeletons
  3 yaks (shapeshifter)
  An earth elemental (Elf:1)
  12 hippogriffs
  36 deep elf magi
  3 stone giant simulacra
  A centaur simulacrum (D:11)
  36 water elementals
  13 humans
  16 vampires
  2 steam dragons
  9 fire dragon skeletons
  9 ice dragon skeletons
  35 neqoxecs
  28 tarantellas
  A hog (shapeshifter) (Depths:4)
  A wind drake zombie (Crypt:1)
  39 yaks
  20 fire elementals
  11 golden eyes
  3 wyverns
  11 chaos spawn
  A golden eye (shapeshifter) (Vaults:5)
  3 hogs (Elf:3)
  51 shadows
  2 spatial vortices
  32 deep elf fighters
  9 vampire mosquitoes
  21 wolves
  11 hungry ghosts
  A merfolk zombie (Tar:4)
  A putrid demonspawn zombie (Crypt:1)
  Edmund (D:9)
  2 harpy simulacra
  2 baby alligator zombies (Crypt:1)
  4 mottled dragons
  10 spiny frog zombies
  15 porcupines
  14 wargs
  2 ogre skeletons
  A tengu skeleton (Depths:1)
  15 water moccasins
  A black bear (shapeshifter) (Vaults:4)
  2 hydra simulacra
  8 ice beasts
  3 slaves (D:4)
  4 yellow wasps
  19 necrophages
  62 ogres
  31 spiders
  A deep dwarf (shapeshifter) (D:11)
  7 phantoms
  2 spiny frog skeletons
  7 black bears
  31 hell hounds
  38 orc warriors
  13 eyes of draining
  5 snapping turtle zombies
  An ettin simulacrum (Tomb:3)
  3 sky beasts
  10 boggarts
  5 human simulacra
  2 manticore zombies
  4 snapping turtle skeletons
  6 big kobolds
  32 centaurs
  2 boggarts (shapeshifter)
  An ice dragon simulacrum (Coc:7)
  2 swamp dragon skeletons
  A manticore skeleton (Geh:7)
  Sigmund (D:6)
  3 lost souls
  A komodo dragon zombie (Crypt:2)
  8 brain worms
  14 crocodiles
  20 giant frogs
  A gnoll sergeant (D:7)
  A fire crab zombie (Crypt:2)
  A big kobold (shapeshifter) (Vaults:2)
  A hell hound zombie (Geh:7)
  4 human skeletons
  8 scorpions
  A warg skeleton (Crypt:2)
  A tengu zombie (Depths:3)
  24 killer bees
  2 elf zombies
  A raiju skeleton (Crypt:2)
  37 wights
  A troll skeleton (Geh:1)
  A wolf zombie (Crypt:2)
  2 goliath beetles
  A yellow wasp zombie (D:7)
  6 electric eels
  20 crimson imps
  13 hounds
  5 centaur skeletons
  3 giant frog zombies
  30 orc priests
  4 centaur zombies
  9 iguanas
  51 jellies
  18 iron imps
  34 orc wizards
  5 quasits
  7 worker ants
  10 hell rats
  A porcupine skeleton (Crypt:2)
  2 killer bee zombies
  33 sheep
  A hound skeleton (D:4)
  32 mummies
  Robin (D:3)
  32 adders
  10 gnolls
  34 river rats
  27 white imps
  2 giant mites (D:14)
  11 shadow imps
  16 worms
  A giant eyeball (Pan)
  46 ufetubi
  2 adder skeletons
  An adder zombie (D:6)
  3 giant geckos
  209 orcs
  2 ball pythons
  18 bats
  2 bat skeletons (D:4)
  A bat zombie (D:6)
  6 giant cockroaches
  26 goblins
  21 hobgoblins
  24 jackals
  5 quokkas
  A giant gecko skeleton (D:4)
  A giant gecko zombie (D:8)
  4 giant newts
  4 giant spores
  A goblin (shapeshifter) (Vaults:3)
  30 kobolds
  A kobold simulacrum (Crypt:1)
  An orc zombie (Tar:7)
  15 rats
  5 ballistomycetes
  2 crawling corpses (Elf:2)
  2 fungi
  2 grand avatars (Pan)
  21 plants
  2 starspawn tentacles (Abyss:1)
  2 starspawn tentacle segments (Abyss:3)
  A tentacle (Shoals:3)
  2 tentacle segments (Coc:2)
5638 creatures vanquished.

Vanquished Creatures (collateral kills)
  Gloorx Vloq (Pan)
  A deep elf master archer (Elf:3)
  A sphinx (Elf:2)
  Kirke (Elf:3)
  Ilsuiw (Shoals:5)
  An orc warlord (Orc:3)
  A frost giant (IceCv)
  Louise (Elf:3)
  7 deep elf sorcerers (Elf:3)
  A cacodemon (Shoals:5)
  A reaper (Tar:7)
  2 deep elf demonologists (Elf:3)
  4 deep elf annihilators (Elf:3)
  3 dire elephants (Lair:8)
  3 deep elf death magi (Elf:3)
  An ironheart preserver (Vaults:2)
  A fire dragon (Elf:2)
  2 deep elf high priests (Elf:3)
  A vault guard (Vaults:2)
  3 hydras
  An anaconda (Lair:8)
  An ogre mage (Orc:4)
  A hell beast (Elf:2)
  2 merfolk aquamancers (Shoals:5)
  A centaur warrior (D:13)
  3 death yaks
  A soul eater (Depths:4)
  6 deep elf knights
  Nergalle (Lair:7)
  2 sea snakes (Shoals:5)
  2 ball lightnings (Pan)
  A deep elf summoner (Elf:3)
  3 deep elf conjurers
  A shining eye (Pan)
  2 griffons (Elf:2)
  A water nymph (Shoals:5)
  A manticore (Elf:2)
  2 cyclopes
  A sixfirhy (D:13)
  A frost giant skeleton (Tar:7)
  A gargoyle (D:13)
  2 sirens (Shoals:5)
  An orange demon (Depths:4)
  An eye of devastation (Pan)
  A torpor snail (Lair:7)
  A smoke demon (Elf:3)
  A spiny frog (Lair:8)
  2 tormentors
  4 trolls (Orc:4)
  4 demonic crawlers (Pan)
  2 merfolk (Shoals:5)
  2 two-headed ogres (Orc:4)
  A polar bear (IceCv)
  2 redbacks
  A yak (IceCv)
  5 deep elf magi
  3 humans (D:13)
  4 deep elf fighters (Elf:3)
  A wolf (IceCv)
  3 hogs (Elf:3)
  2 orc warriors
  A hell hound (Elf:2)
  A catoblepas simulacrum (Coc:7)
  7 ogres
  An ice beast (Coc:3)
  A centaur (D:13)
  A big kobold (D:13)
  2 crimson imps (D:13)
  2 quasits (Depths:4)
  2 orc priests
  A shadow imp (Depths:4)
  2 white imps
  8 orcs
  A quokka (Lair:2)
  2 kobolds (D:13)
  3 crawling corpses (Elf:3)
  2 fungi
152 creatures vanquished.

Vanquished Creatures (others)
  A pandemonium lord (Depths:5)
  2 Executioners
  6 eldritch tentacles
  5 daevas (Pan)
  2 balrugs
  A cacodemon (D:12)
  A draconian zealot (Zot:2)
  5 angels (Pan)
  2 elemental wellsprings (Coc:7)
  A blood saint (Pan)
  A bennu (Tomb:2)
  4 green deaths
  2 blizzard demons
  A rakshasa (Pan)
  A great orb of eyes (shapeshifter) (Vaults:5)
  A dancing weapon (Pan)
  A sun demon (Pan)
  8 water elementals
  7 death scarabs
  11 ball lightnings
  An unseen horror (Vaults:1)
  2 wizards (Pan)
  An orb spider (Spider:5)
  A flayed ghost (Geh:4)
  A red wasp (Vaults:3)
  A fire giant zombie (Tomb:2)
  An iron dragon skeleton (Geh:4)
  A sixfirhy (Abyss:3)
  An apocalypse crab (Abyss:2)
  A black mamba (Lair:8)
  A drowned soul (Shoals:5)
  3 earth elementals
  A hydra zombie (Dis:7)
  An ushabti (Tomb:2)
  A polar bear (IceCv)
  A harpy skeleton (Geh:7)
  3 flying skulls
  A shadow (Tar:5)
  A neqoxec (Spider:2)
  An emperor scorpion simulacrum (Tomb:2)
  A deep elf fighter (Depths:5)
  2 wolves (IceCv)
  A spiny frog zombie (Coc:3)
  2 tengu (Vaults:2)
  6 lost souls
  2 small abominations (Abyss:3)
  A wight (D:11)
  An iguana (D:11)
  A hell rat (Vaults:3)
  2 mummies (Tomb:2)
  A shadow imp (Tar:5)
  A white imp (Abyss:3)
  14 ufetubi
  8 giant spores
  3 ballistomycetes (D:11)
  2 blocks of ice (Pan)
  769 eldritch tentacle segments
  9 fungi
  42 plants
  27 starspawn tentacles
  554 starspawn tentacle segments
  23 tentacles
  506 tentacle segments
2066 creatures vanquished.

Grand Total: 7856 creatures vanquished

Notes
Turn   | Place    | Note
--------------------------------------------------------------
     0 | D:1      | myeffort, the Deep Dwarf Earth Elementalist, began the quest for the Orb.
     0 | D:1      | Reached XP level 1. HP: 15/15 MP: 2/2
   253 | D:1      | Reached XP level 2. HP: 22/22 MP: 2/4
   542 | D:1      | Learned a level 2 spell: Stoneskin
   818 | D:2      | Reached XP level 3. HP: 28/28 MP: 4/6
  1040 | D:2      | Found a deep blue altar of Sif Muna.
  1090 | D:2      | Reached skill level 5 in Earth Magic
  1120 | D:2      | Found a white marble altar of Elyvilon.
  1391 | D:2      | Reached XP level 4. HP: 36/36 MP: 4/7
  1631 | D:3      | Learned a level 3 spell: Stone Arrow
  1756 | D:3      | Found a sacrificial altar of Ru.
  2021 | D:3      | Noticed Robin
  2087 | D:3      | Noticed a sky beast
  2089 | D:3      | Found a shattered altar of Ashenzari.
  2128 | D:3      | Killed a sky beast
  2128 | D:3      | Reached skill level 5 in Stealth
  2128 | D:3      | Reached skill level 6 in Earth Magic
  2128 | D:3      | Reached XP level 5. HP: 25/42 MP: 0/9
  2255 | D:3      | Killed Robin
  2461 | D:4      | Noticed a slave
  2717 | D:4      | Reached skill level 7 in Earth Magic
  2717 | D:4      | Reached XP level 6. HP: 25/49 MP: 5/10
  2859 | D:4      | Found a staircase to the Ecumenical Temple.
  2909 | Temple   | Entered the Ecumenical Temple
  3231 | D:4      | Found a burning altar of Makhleb.
  3247 | D:4      | Became a worshipper of Makhleb the Destroyer
  3267 | D:4      | Reached XP level 7. HP: 23/55 MP: 12/12
  3282 | D:4      | Noticed an ogre
  3290 | D:4      | Killed an ogre
  3290 | D:4      | Reached skill level 8 in Earth Magic
  3521 | D:4      | Found a stormy altar of Qazlal.
  3574 | D:4      | Noticed Pikel
  3574 | D:4      | Noticed a slave
  3760 | D:5      | Entered Level 5 of the Dungeon
  3915 | D:5      | Noticed Grinder
  3924 | D:5      | Acquired Makhleb's first power
  3956 | D:5      | Reached skill level 9 in Earth Magic
  4119 | D:5      | Reached XP level 8. HP: 39/62 MP: 8/13
  4492 | D:5      | Found a blossoming altar of Fedhas.
  4499 | D:5      | Found an iron altar of Okawaru.
  4501 | D:5      | Found a snail-covered altar of Cheibriados.
  4502 | D:5      | Found a glowing silver altar of Zin.
  4651 | D:6      | Reached skill level 10 in Earth Magic
  4671 | D:6      | Acquired Makhleb's second power
  4671 | D:6      | Reached skill level 10 in Stealth
  4785 | D:6      | Noticed Sigmund
  4822 | D:6      | Found a white marble altar of Elyvilon.
  4834 | D:6      | Found a sparkling altar of Nemelex Xobeh.
  4950 | D:5      | Killed Grinder
  5331 | D:5      | Reached skill level 11 in Earth Magic
  5332 | D:5      | Found a glowing golden altar of the Shining One.
  5651 | D:7      | Found a basalt altar of Yredelemnul.
  5710 | D:7      | Gained mutation: You passively map the area around you. [level up]
  5710 | D:7      | Reached XP level 9. HP: 27/68 MP: 11/15
  5867 | D:7      | Got a steaming marble ring
  5868 | D:7      | Identified the cursed ring "Shusch" {rElec MR++ AC-4} (You found it on level 7 of the Dungeon)
  6736 | D:8      | Reached skill level 12 in Earth Magic
  6861 | D:8      | Found Wuxeif's Distillery.
  6869 | D:8      | Bought a potion of curing for 48 gold pieces
  7201 | D:8      | Learned a level 5 spell: Lee's Rapid Deconstruction
  7359 | D:8      | Acquired Makhleb's third power
  7449 | D:9      | Noticed Erolcha
  7631 | D:9      | Noticed Edmund
  7803 | D:9      | Reached skill level 13 in Earth Magic
  7847 | D:9      | Found a staircase to the Orcish Mines.
  8178 | D:10     | Entered Level 10 of the Dungeon
  8277 | D:10     | Reached XP level 10. HP: 75/75 MP: 13/16
  8497 | D:10     | Acquired Makhleb's fourth power
  8694 | D:10     | Noticed a gargoyle
  8892 | D:6      | Killed Sigmund
  8965 | D:4      | Killed a slave
  8968 | D:4      | Noticed a slave
  8973 | D:4      | Killed a slave
  9059 | D:4      | Killed a slave
  9088 | D:4      | Noticed a slave
  9088 | D:4      | Killed Pikel
  9289 | D:6      | Gained mutation: Your flesh is heat resistant. [potion of mutation]
  9289 | D:6      | Gained mutation: You have a pair of small horns on your head. [potion of mutation]
  9289 | D:6      | Gained mutation: You evolve. [potion of mutation]
  9320 | D:6      | Reached skill level 14 in Earth Magic
  9724 | D:11     | Found a staircase to the Lair.
  9766 | D:11     | Noticed a five-headed hydra
  9780 | D:11     | Killed a five-headed hydra
  9908 | D:11     | Acquired Makhleb's fifth power
 10113 | D:10     | Killed a gargoyle
 10381 | D:11     | Reached skill level 15 in Earth Magic
 10524 | D:11     | Reached skill level 15 in Stealth
 10644 | D:11     | Noticed a cyclops
 10645 | D:11     | Noticed a centaur warrior
 10727 | Lair:1   | Entered Level 1 of the Lair of Beasts
 10787 | Lair:1   | Reached XP level 11. HP: 69/81 MP: 15/17
 10976 | Lair:1   | Reached skill level 1 in Invocations
 10976 | Lair:1   | Reached skill level 1 in Evocations
 11762 | Lair:2   | Noticed Harold
 12079 | Lair:2   | Reached skill level 5 in Evocations
 12139 | Lair:3   | Noticed a four-headed hydra
 12282 | Lair:3   | Reached skill level 5 in Invocations
 12291 | Lair:3   | Found a frozen archway.
 12374 | IceCv    | Entered an ice cave
 13237 | IceCv    | Gained mutation: Your flesh is cold resistant. [evolution]
 13410 | IceCv    | Reached XP level 12. HP: 71/88 MP: 7/25
 13516 | IceCv    | Got an ivory quarterstaff
 13589 | IceCv    | Noticed a death yak
 13589 | IceCv    | Noticed a frost giant
 13593 | IceCv    | Reached skill level 10 in Evocations
 13623 | IceCv    | HP: 4/88 [frost giant/bolt of cold (15)]
 13626 | IceCv    | Killed a frost giant
 13626 | IceCv    | Reached skill level 10 in Invocations
 13631 | IceCv    | Killed a death yak
 14056 | Lair:3   | Noticed Erica
 14066 | Lair:3   | Killed Erica
 14186 | Lair:3   | Killed a four-headed hydra
 14946 | Lair:2   | Noticed an eight-headed hydra
 14952 | Lair:2   | Killed an eight-headed hydra
 15247 | Lair:2   | Killed Harold
 16149 | D:12     | Noticed a six-headed hydra
 16168 | D:12     | Noticed a six-headed hydra
 16191 | D:12     | Killed a six-headed hydra
 16206 | D:12     | Noticed a skeletal warrior
 16441 | D:12     | Noticed a cyclops
 16445 | D:12     | Killed a cyclops
 16546 | D:12     | Noticed a purple ugly thing
 16566 | D:12     | Killed a purple ugly thing
 16784 | D:12     | Noticed a fire dragon
 16784 | D:12     | Noticed a tengu warrior
 16993 | D:12     | Noticed a hill giant
 17195 | D:11     | Noticed a green ugly thing
 17212 | D:11     | Killed a green ugly thing
 17212 | D:11     | Reached XP level 13. HP: 92/94 MP: 5/29
 17229 | D:11     | Noticed a hill giant
 17357 | D:11     | Noticed a hill giant
 17364 | D:11     | Killed a hill giant
 17416 | D:11     | Killed a hill giant
 18110 | D:11     | Killed a cyclops
 18116 | D:11     | Noticed a black mamba
 18118 | D:11     | Killed a black mamba
 18127 | D:11     | Killed a centaur warrior
 18128 | D:11     | Noticed a hill giant
 18133 | D:11     | Killed a hill giant
 18249 | D:11     | Gained mutation: You are weak. (Str -2) [evolution]
 18537 | D:9      | Killed Erolcha
 18588 | D:9      | Killed Edmund
 18776 | Lair:3   | Noticed a six-headed hydra
 18779 | Lair:3   | Killed a six-headed hydra
 18779 | Lair:3   | Reached skill level 15 in Evocations
 19421 | Lair:4   | Found a staircase to the Shoals.
 20227 | Lair:4   | Lost mutation: Your flesh is heat resistant. [evolution]
 20323 | Lair:1   | Learned a level 4 spell: Petrify
 20528 | Lair:2   | Reached skill level 15 in Invocations
 21750 | Lair:5   | Reached skill level 1 in Shields
 22241 | Lair:5   | Reached skill level 5 in Shields
 22256 | Lair:5   | Identified a +2 rod of the swarm (11/11) (You found it on level 5 of the Lair of Beasts)
 22609 | Lair:5   | Gained mutation: You are agile. (Dex +2) [evolution]
 22701 | Lair:6   | Found a staircase to the Slime Pits.
 22772 | Lair:6   | Found a hole to the Spider Nest.
 23221 | Lair:5   | Gained mutation: You resist negative energy. [level up]
 23221 | Lair:5   | Reached XP level 14. HP: 102/102 MP: 21/31
 24286 | Lair:7   | Noticed Nergalle
 25175 | Orc:1    | Entered Level 1 of the Orcish Mines
 25437 | Orc:1    | Found a dark tunnel.
 25554 | Orc:2    | Noticed Fannar
 26143 | Orc:2    | Killed Fannar
 26673 | Orc:2    | Found a burning altar of Makhleb.
 27150 | Orc:3    | Found Solizuk's Antique Weapon Boutique.
 27179 | Orc:3    | Found a staircase to the Elven Halls.
 27262 | Orc:3    | Reached skill level 10 in Shields
 27838 | Orc:4    | Entered Level 4 of the Orcish Mines
 28007 | Orc:3    | Noticed an orc warlord
 28124 | Orc:3    | Killed an orc warlord
 28451 | Orc:4    | Noticed Snorg
 28459 | Orc:3    | Upgraded the game from 0.16-a0-3228-ge148b08 to 0.16-a0-3250-g88dccf0
 29000 | D:12     | Noticed a centaur warrior
 29007 | D:12     | Noticed a cyclops
 29011 | D:12     | Killed a centaur warrior
 29019 | D:12     | Noticed a manticore
 29034 | D:12     | Killed a manticore
 29224 | D:12     | Killed a skeletal warrior
 29339 | D:12     | Noticed a cyclops
 29342 | D:12     | Killed a cyclops
 29485 | D:12     | Killed a hill giant
 29494 | D:12     | Noticed a manticore
 29495 | D:12     | Noticed a red ugly thing
 29498 | D:12     | Killed a manticore
 29502 | D:12     | Killed a red ugly thing
 29643 | D:12     | Killed a six-headed hydra
 29804 | D:12     | Killed a tengu warrior
 29806 | D:12     | Killed a fire dragon
 30134 | D:13     | Found a gate to the Vaults.
 31483 | D:13     | Gained mutation: Your spells are a little harder to cast, but a little more powerful. [evolution]
 32164 | Lair:7   | Killed Nergalle
 32164 | Lair:7   | Reached XP level 15. HP: 98/108 MP: 32/32
 32168 | Lair:7   | Found a snail-covered altar of Cheibriados.
 32408 | Lair:8   | Entered Level 8 of the Lair of Beasts
 33438 | Lair:8   | Got a pair of faintly humming gloves
 33449 | Lair:8   | Identified the +2 pair of gloves of Croymu {rElec} (You found it on level 8 of the Lair of Beasts)
 33562 | Lair:8   | Found an ancient bone altar of Kikubaaqudgha.
 34351 | Lair:1   | Learned a level 3 spell: Passwall
 34631 | Lair:8   | Reached skill level 15 in Shields
 34643 | Lair:8   | Reached skill level 1 in Conjurations
 36118 | D:14     | Got a pitted leather armour
 36129 | D:14     | Identified the cursed +0 leather armour of Broken Taboos {rC+ Int+1} (You found it on level 14 of the Dungeon)
 37038 | D:15     | Entered Level 15 of the Dungeon
 37058 | D:15     | Noticed Rupert
 37357 | Orc:4    | Killed Snorg
 37358 | Orc:4    | Reached skill level 16 in Earth Magic
 37572 | Orc:4    | Found Sacuga's Weapon Emporium.
 37578 | Orc:4    | Found Skumih's Antique Weapon Shop.
 37581 | Orc:4    | Bought 20 stones for 24 gold pieces
 37583 | Orc:4    | Found Phewacut's Book Shoppe.
 37585 | Orc:4    | Found Shrudw Ofun's Magic Scroll Shoppe.
 37754 | Orc:4    | Reached skill level 5 in Conjurations
 38112 | Orc:4    | Gained mutation: You are very agile. (Dex +4) [evolution]
 38700 | Elf:1    | Entered Level 1 of the Elven Halls
 38860 | Elf:1    | Got a slimy great sword
 39733 | Elf:1    | Reached skill level 17 in Earth Magic
 39733 | Elf:1    | Reached XP level 16. HP: 104/115 MP: 24/33
 40977 | Elf:2    | Found an ancient bone altar of Kikubaaqudgha.
 41284 | Elf:2    | Found a huge runed gate.
 41285 | Elf:2    | Found a huge runed gate.
 41294 | Elf:2    | Found a huge runed gate.
 41540 | Elf:2    | Reached skill level 18 in Earth Magic
 41625 | Elf:2    | Noticed a deep elf blademaster
 43032 | Elf:3    | Entered Level 3 of the Elven Halls
 43054 | Elf:3    | Found Peqizone's Magic Scroll Emporium.
 44956 | Elf:1    | Reached skill level 19 in Earth Magic
 45424 | Elf:3    | Noticed myeffort's ghost (mighty DDEE)
 45432 | Elf:3    | Killed myeffort's ghost
 45525 | Elf:3    | Reached skill level 10 in Conjurations
 45531 | Elf:3    | Noticed Jorgrun
 45537 | Elf:3    | Killed Jorgrun
 45544 | Elf:3    | Noticed Kirke
 45548 | Elf:3    | Killed Kirke
 45755 | Elf:3    | Reached XP level 17. HP: 110/121 MP: 11/33
 46063 | Elf:3    | Noticed Louise
 46591 | Elf:3    | Noticed Norris
 46603 | Elf:3    | Killed Louise
 46619 | Elf:3    | Killed Norris
 47101 | Elf:3    | Gained mutation: You are robust (+10% HP). [evolution]
 47251 | Elf:3    | Reached skill level 20 in Earth Magic
 47398 | Elf:3    | Noticed a deep elf blademaster
 47408 | Elf:3    | Killed a deep elf blademaster
 47457 | Elf:3    | Noticed a deep elf blademaster
 47459 | Elf:3    | Killed a deep elf blademaster
 47482 | Elf:3    | Noticed a deep elf master archer
 47487 | Elf:3    | Killed a deep elf master archer
 47620 | Elf:3    | Noticed a Brimstone Fiend
 47773 | Elf:3    | Got a bound brass ring
 47808 | Elf:3    | Got a faintly glowing brass ring
 47867 | Elf:3    | Identified the Catalogue of Hairiness (You found it on level 3 of the Elven Halls)
 48103 | Elf:3    | Reached skill level 21 in Earth Magic
 48685 | Lair:1   | Identified the ring "Trefaicex" {rPois MR+ Slay+3} (You took it off a deep elf knight on level 3 of the Elven Halls)
 48687 | Lair:1   | Identified the ring of Rotoleonn {rN+ Int+2 Dex+2} (You took it off a deep elf death mage on level 3 of the Elven Halls)
 48861 | Shoals:1 | Entered Level 1 of the Shoals
 48972 | Shoals:1 | Reached skill level 1 in Transmutations
 50081 | Shoals:1 | Gained mutation: You passively map a large area around you. [level up]
 50081 | Shoals:1 | Reached XP level 18. HP: 125/141 MP: 9/33
 51177 | Shoals:2 | Gained mutation: Your system is resistant to poisons. [evolution]
 51735 | Shoals:2 | Reached skill level 5 in Dodging
 52791 | Shoals:3 | Reached skill level 5 in Transmutations
 53511 | Shoals:4 | Got a distressingly furry leather armour
 54938 | Shoals:5 | Entered Level 5 of the Shoals
 54998 | Shoals:5 | Noticed Ilsuiw
 56363 | Shoals:5 | Killed Ilsuiw
 56399 | Shoals:4 | Learned a level 6 spell: Iron Shot
 56596 | Shoals:5 | Reached skill level 5 in Spellcasting
 58337 | Shoals:5 | Got a serpentine diamond amulet
 58762 | Shoals:5 | Got a barnacled rune of Zot
 58877 | Shoals:3 | Reached XP level 19. HP: 148/148 MP: 8/34
 59035 | Lair:1   | Identified the amulet "Shoose Newud" {rMut Int+3 Dex+3} (You found it on level 5 of the Shoals)
 59047 | Lair:1   | Identified the +1 leather armour of Tuckeacve {+Fly} (You found it on level 4 of the Shoals)
 59214 | Spider:1 | Entered Level 1 of the Spider Nest
 59232 | Spider:1 | Noticed Nikola
 59235 | Spider:1 | Gained mutation: You can spit poison. [evolution]
 59238 | Spider:1 | Killed Nikola
 59362 | Spider:1 | Noticed Agnes
 59371 | Spider:1 | Killed Agnes
 60982 | Spider:2 | Noticed Frances
 60989 | Spider:2 | Killed Frances
 61148 | Spider:2 | Noticed Arachne
 61344 | Spider:2 | Killed Arachne
 62465 | Spider:3 | Reached skill level 15 in Conjurations
 63598 | Spider:4 | Noticed Azrael
 63628 | Spider:4 | Killed Azrael
 64152 | Spider:4 | Reached skill level 1 in Armour
 64202 | Spider:4 | Noticed Donald
 64207 | Spider:4 | Killed Donald
 64988 | Spider:5 | Entered Level 5 of the Spider Nest
 65213 | Spider:4 | Reached skill level 5 in Armour
 65518 | Spider:5 | Noticed Asterion
 65527 | Spider:5 | Killed Asterion
 68254 | Spider:5 | Reached XP level 20. HP: 149/156 MP: 15/35
 68388 | Spider:5 | Got a gossamer rune of Zot
 68458 | Spider:5 | Reached skill level 22 in Earth Magic
 69070 | Spider:5 | Gained mutation: You have a somewhat thin skeletal structure (Dex +2, Stealth). [evolution]
 69419 | D:15     | Killed Rupert
 69707 | D:15     | Got a shimmering leather armour
 69961 | D:15     | Found a staircase to the Depths.
 69967 | D:15     | Reached skill level 10 in Armour
 70780 | Vaults:1 | Entered Level 1 of the Vaults
 70979 | Vaults:1 | Found Kheth's Food Shop.
 70999 | Vaults:1 | Identified the cursed +2 leather armour "Schex" {Dex+1 Slay+4} (You found it on level 15 of the Dungeon)
 71036 | Vaults:1 | Found Mnuahef's Distillery.
 71113 | Lair:1   | Identified a +3 rod of ignition (10/10) (You took it off a crimson imp on level 15 of the Dungeon)
 71114 | Lair:1   | Identified a +1 rod of clouds (14/14) (You found it on level 1 of the Vaults)
 72768 | Vaults:1 | Got a steaming bronze ring
 73843 | Vaults:1 | Found Mnaophaj's Armour Emporium.
 75052 | Vaults:2 | Reached skill level 23 in Earth Magic
 75077 | Vaults:2 | Found Ukhlirghi's Assorted Antiques.
 75088 | Vaults:2 | Bought a scroll labeled CHURAPL CHUCUO for 35 gold pieces
 75088 | Vaults:2 | Bought a curved ivory wand for 140 gold pieces
 75088 | Vaults:2 | Bought an emerald potion for 31 gold pieces
 76501 | Vaults:2 | Reached XP level 21. HP: 155/162 MP: 10/35
 76625 | Vaults:2 | Reached skill level 10 in Transmutations
 77055 | Vaults:2 | Found a staircase to the Crypt.
 77291 | Vaults:2 | Lost mutation: You evolve. [end of evolution]
 77320 | Vaults:2 | Hired Mnujuagg the tengu for 122 gold.
 77326 | Vaults:2 | Your ally Mnujuagg died
 77327 | Vaults:2 | Hired Sanyt the tengu for 110 gold.
 77333 | Vaults:2 | Your ally Sanyt died
 79222 | Vaults:3 | Found Pnimac's Distillery.
 79230 | Vaults:3 | Bought a potion of cancellation for 120 gold pieces
 79677 | Vaults:3 | Noticed Frederick
 79683 | Vaults:3 | Killed Frederick
 80164 | Vaults:2 | Reached skill level 24 in Earth Magic
 80392 | Vaults:3 | Learned a level 5 spell: Iskenderun's Battlesphere
 80432 | Vaults:3 | Identified the ring of Noin {rF+ Int+3 Dex+2} (You took it off an ironbrand convoker on level 1 of the Vaults)
 81041 | Vaults:3 | Noticed Aizul
 81044 | Vaults:3 | Killed Aizul
 81273 | Vaults:3 | Noticed Xtahua
 81277 | Vaults:3 | Killed Xtahua
 81391 | Vaults:3 | Noticed Saint Roka
 81408 | Vaults:3 | Reached skill level 15 in Armour
 81426 | Vaults:3 | Killed Saint Roka
 83660 | Vaults:3 | Reached XP level 22. HP: 171/171 MP: 20/36
 86052 | Vaults:4 | Reached skill level 25 in Earth Magic
 86811 | Vaults:5 | Entered Level 5 of the Vaults
 87191 | Depths:1 | Entered Level 1 of the Depths
 87236 | Depths:1 | Found a gateway to a ziggurat.
 87440 | Depths:1 | Found a gateway to Hell.
 88753 | Depths:1 | Found a runed door.
 90356 | Depths:2 | Reached skill level 26 in Earth Magic
 90454 | Depths:2 | Reached skill level 1 in Fighting
 90666 | Depths:2 | Noticed Wiglaf
 90684 | Depths:2 | Killed Wiglaf
 91236 | Depths:2 | Found a one-way gate leading to the halls of Pandemonium.
 91592 | Depths:2 | Reached XP level 23. HP: 154/192 MP: 0/36
 91821 | Depths:2 | Reached skill level 5 in Fighting
 94808 | Depths:3 | Reached skill level 10 in Fighting
 97980 | Depths:3 | Reached XP level 24. HP: 239/239 MP: 28/37
100631 | Depths:4 | Found a runed door.
100659 | Depths:4 | Found a one-way gate to the infinite horrors of the Abyss.
100896 | Depths:4 | Reached skill level 15 in Fighting
103010 | Depths:5 | Entered Level 5 of the Depths
103062 | Depths:5 | Found a flickering gateway to a bazaar.
103149 | Bazaar   | Entered a bazaar
103149 | Bazaar   | Found Bamn's General Store.
103149 | Bazaar   | Found Kliasaby's Antique Armour Shop.
103156 | Bazaar   | Bought a cursed staff of energy for 300 gold pieces
103156 | Bazaar   | Bought a potion of magic for 96 gold pieces
103161 | Bazaar   | Found Shoumoza's Antique Weapon Shop.
103229 | Bazaar   | Bought a scroll of enchant armour for 90 gold pieces
103229 | Bazaar   | Bought a meat ration for 60 gold pieces
103229 | Bazaar   | Bought a slice of pizza for 18 gold pieces
103235 | Bazaar   | Bought a potion of curing for 36 gold pieces
103269 | Bazaar   | Bought an embroidered robe for 12 gold pieces
104376 | Depths:5 | Reached skill level 27 in Earth Magic
104555 | Depths:5 | Reached XP level 25. HP: 255/255 MP: 6/39
104939 | Depths:5 | Found a gate to the Realm of Zot.
105270 | Lair:1   | Learned a level 9 spell: Shatter
106124 | Vaults:5 | Noticed an ancient lich
106127 | Vaults:5 | Killed an ancient lich
106841 | Vaults:5 | Found Ponuink's Food Shop.
106852 | Vaults:5 | Got a silver rune of Zot
107077 | Vaults:5 | Reached XP level 26. HP: 265/265 MP: 0/43
107204 | Vaults:5 | Got a jewelled cloak
107210 | Vaults:5 | Identified the +2 cloak of Mofykuka {rF+} (You found it on level 5 of the Vaults)
108297 | Depths:1 | Got a bloodstained ring mail
108309 | Depths:1 | Identified the +3 ring mail of Generosity {SInv} (You found it on level 1 of the Depths)
108723 | Elf:3    | Got a spiked scale mail
108734 | Elf:3    | Identified the +0 scale mail of Surprise {Str+1 Int+1} (You found it on level 3 of the Elven Halls)
109340 | Zot:1    | Entered Level 1 of the Realm of Zot
110444 | Zot:2    | Found a corrupted altar of Lugonu.
110539 | Zot:2    | Reached skill level 10 in Spellcasting
111828 | Zot:3    | Reached skill level 27 in Evocations
112815 | Zot:3    | Reached XP level 27. HP: 272/272 MP: 19/44
112909 | Zot:3    | Reached skill level 10 in Dodging
114329 | Zot:2    | Identified Lehudib's Almanac of Fire and Brimstone
114339 | Zot:2    | Identified Zeugodd's Papyrus of the Zealot
115149 | D:5      | Fell from the grace of Makhleb
115149 | D:5      | Became a worshipper of Zin the Law-Giver
115149 | D:5      | Acquired Zin's first power
115149 | D:5      | Acquired Zin's second power
115150 | D:5      | Donated 3577 gold pieces to Zin
115202 | D:6      | Acquired Zin's third power
115467 | Slime:1  | Entered Level 1 of the Pits of Slime
115470 | Slime:1  | Gained mutation: Scrolls take you a little longer to read. [a shining eye]
115521 | Lair:6   | Acquired Zin's fourth power
116854 | Slime:3  | Found a viscous altar of Jiyva.
118130 | Slime:6  | Entered Level 6 of the Pits of Slime
118457 | Slime:6  | Noticed the royal jelly
118487 | Slime:6  | Killed the royal jelly
118703 | Slime:6  | Got a scintillating bone ring
118708 | Slime:6  | Identified the ring "Ghutiagi" {rPois MR+ Stlth+} (You found it on level 6 of the Pits of Slime)
118738 | Slime:6  | Identified the Incunabulum of the Blistering Oath
118769 | Slime:6  | Got a slimy rune of Zot
119762 | D:5      | Fell from the grace of Zin
119762 | D:5      | Became a worshipper of the Shining One
119762 | D:5      | Acquired the Shining One's first power
119762 | D:5      | Acquired the Shining One's second power
120130 | Crypt:1  | Entered Level 1 of the Crypt
120298 | Lair:1   | Learned a level 8 spell: Lehudib's Crystal Spear
120514 | Crypt:1  | Acquired the Shining One's third power
120640 | Crypt:1  | Reached skill level 15 in Transmutations
120694 | Crypt:1  | Noticed Boris
120696 | Crypt:1  | Killed Boris
120735 | Crypt:1  | Acquired the Shining One's fourth power
121998 | Crypt:3  | Entered Level 3 of the Crypt
122223 | Crypt:3  | Reached skill level 15 in Dodging
122237 | Crypt:3  | Found a basalt altar of Yredelemnul.
122812 | Crypt:3  | Noticed Khufu
122831 | Crypt:3  | Killed Khufu
122931 | Crypt:3  | Found a staircase to the Tomb.
123085 | Crypt:3  | Reached skill level 15 in Spellcasting
123887 | Orc:4    | Bought a scroll of acquirement for 624 gold pieces
123890 | Orc:4    | Got a steaming crystal plate armour
123901 | Orc:4    | Identified the +2 crystal plate armour of Fayffife {rF+ Str-1 SInv} (You acquired it on level 4 of the Orcish Mines)
123913 | Orc:4    | Bought a scroll of teleportation for 36 gold pieces
123913 | Orc:4    | Bought a scroll of fog for 24 gold pieces
123913 | Orc:4    | Bought a scroll of fog for 24 gold pieces
123923 | Orc:4    | Bought a scroll of identify for 24 gold pieces
123923 | Orc:4    | Bought a scroll of identify for 24 gold pieces
124082 | D:8      | Bought a potion of restore abilities for 80 gold pieces
124082 | D:8      | Bought a potion of restore abilities for 80 gold pieces
124082 | D:8      | Bought a potion of restore abilities for 80 gold pieces
124082 | D:8      | Bought a potion of heal wounds for 80 gold pieces
124364 | Pan      | Entered Pandemonium
124364 | Pan      | Found an exit through the horrors of the Abyss.
124961 | Pan      | Noticed Gipt the pandemonium lord
124986 | Pan      | Killed Gipt the pandemonium lord
125967 | Pan      | Entered the realm of Mnoleg.
126036 | Pan      | Found an exit through the horrors of the Abyss.
126249 | Pan      | Gained mutation: Your magical capacity is low (-10% MP). [a shining eye]
126360 | Pan      | Noticed Mnoleg
126861 | Pan      | Got a glowing rune of Zot
126896 | Pan      | Killed Mnoleg
127206 | Pan      | Noticed Shrubol the pandemonium lord
127253 | Pan      | Killed Shrubol the pandemonium lord
127289 | Pan      | Got a demonic rune of Zot
127413 | Pan      | Noticed Cyown the pandemonium lord
127423 | Pan      | Killed Cyown the pandemonium lord
127423 | Pan      | Reached skill level 27 in Invocations
127527 | Pan      | Noticed Zusod the pandemonium lord
127558 | Pan      | Killed Zusod the pandemonium lord
127629 | Pan      | Gained mutation: You can spit moderately strong poison. [potion of beneficial mutation]
127840 | Pan      | Found an exit through the horrors of the Abyss.
127876 | Pan      | Noticed Ghoibleh the pandemonium lord
128008 | Pan      | Killed Ghoibleh the pandemonium lord
128124 | Pan      | Got a jasper-encrusted plate armour
128157 | Pan      | Was forgiven by Makhleb
128177 | Pan      | Noticed Asuekuy the pandemonium lord
128183 | Pan      | Killed Asuekuy the pandemonium lord
128269 | Pan      | Entered the realm of Gloorx Vloq.
128302 | Pan      | Found a gateway to a ziggurat.
128303 | Pan      | Found an exit through the horrors of the Abyss.
128604 | Pan      | Noticed Gloorx Vloq
128771 | Pan      | Killed Gloorx Vloq
128834 | Pan      | Got a dark rune of Zot
129595 | Pan      | Found an exit through the horrors of the Abyss.
129613 | Pan      | Learned a level 2 spell: Blink
129758 | Pan      | Got a twisted robe
129762 | Pan      | Identified the cursed -5 robe "Mivvici" {rPois rCorr} (You found it in Pandemonium)
129880 | Pan      | Found an exit through the horrors of the Abyss.
130048 | Pan      | Noticed Reuskaob the pandemonium lord
130280 | Pan      | Found an exit through the horrors of the Abyss.
130420 | Pan      | Found an exit through the horrors of the Abyss.
130712 | Pan      | Found an exit through the horrors of the Abyss.
130801 | Pan      | Found an exit through the horrors of the Abyss.
131024 | Pan      | Noticed Kaocohi the pandemonium lord
131049 | Pan      | Found an exit through the horrors of the Abyss.
131274 | Pan      | Noticed Podegh Fapp the pandemonium lord
131280 | Pan      | Killed Podegh Fapp the pandemonium lord
131373 | Pan      | Entered the realm of Cerebov.
131373 | Pan      | Found an exit through the horrors of the Abyss.
132263 | Pan      | Got a sparkling jade ring
132290 | Pan      | Identified the ring "Wung" {+Blink +Fly AC+4} (You took it off an efreet in Pandemonium)
132318 | Pan      | Learned a level 6 spell: Statue Form
132412 | Pan      | Noticed Cerebov
132470 | Pan      | Killed Cerebov
132489 | Pan      | Got a fiery rune of Zot
132556 | Pan      | Noticed Oreajelu the pandemonium lord
132584 | Pan      | Found an exit through the horrors of the Abyss.
132736 | Pan      | Found an exit through the horrors of the Abyss.
132902 | Pan      | Entered the realm of Lom Lobon.
132946 | Pan      | Noticed Lom Lobon
132980 | Pan      | Killed Lom Lobon
133001 | Pan      | Got a magical rune of Zot
133177 | Pan      | Found an exit through the horrors of the Abyss.
133193 | Pan      | Took an exit into the Abyss.
133193 | Abyss:1  | Escaped into the Abyss
133200 | Abyss:1  | Found a deep blue altar of Sif Muna.
133235 | Abyss:1  | Found an ancient bone altar of Kikubaaqudgha.
133462 | Abyss:2  | Found an iron altar of Okawaru.
133483 | Abyss:2  | Found a corrupted altar of Lugonu.
133720 | Depths:2 | Escaped the Abyss
134300 | Depths:4 | Voluntarily entered the Abyss.
134559 | Abyss:1  | Found a runed door.
134637 | Abyss:1  | Found a corrupted altar of Lugonu.
135369 | Abyss:3  | Found a corrupted altar of Lugonu.
135499 | Abyss:3  | Found a corrupted altar of Lugonu.
135743 | Abyss:3  | Found a deep blue altar of Sif Muna.
135783 | Abyss:3  | Got a glittering tin amulet
136213 | Abyss:3  | Found a corrupted altar of Lugonu.
136446 | Abyss:3  | Got an abyssal rune of Zot
136492 | Depths:4 | Escaped the Abyss
136731 | Lair:1   | Identified the amulet "Grapnij" {Ward rN+ Int+2} (You found it on level 3 of the Abyss)
137093 | Hell     | Entered the Vestibule of Hell
137093 | Hell     | Noticed Geryon
137104 | Hell     | Killed Geryon
137315 | Hell     | Found a gateway to the Iron City of Dis.
137400 | Hell     | Found a gateway to the ashen valley of Gehenna.
137524 | Hell     | Found a gateway to the freezing wastes of Cocytus.
137659 | Hell     | Found a gateway to the decaying netherworld of Tartarus.
137667 | Tar:1    | Entered Level 1 of Tartarus
138133 | Tar:7    | Entered Level 7 of Tartarus
138312 | Tar:7    | Identified the Volume of Gliding Attacks (You found it on level 7 of Tartarus)
138755 | Tar:7    | Noticed Ereshkigal
138847 | Tar:7    | Killed Ereshkigal
138902 | Tar:7    | Got a bone rune of Zot
139705 | Tar:7    | Identified the Handbook of the Harmful Volcanoes
140079 | Geh:1    | Entered Level 1 of Gehenna
140604 | Geh:7    | Entered Level 7 of Gehenna
141230 | Geh:7    | Noticed Asmodeus
141257 | Geh:7    | Killed Asmodeus
141298 | Geh:7    | Got an obsidian rune of Zot
141332 | Geh:7    | Got an ivory war axe
141700 | Vaults:1 | Bought a potion of curing for 54 gold pieces
141700 | Vaults:1 | Bought a potion of curing for 54 gold pieces
141700 | Vaults:1 | Bought a potion of curing for 54 gold pieces
141700 | Vaults:1 | Bought a potion of brilliance for 72 gold pieces
141700 | Vaults:1 | Bought a potion of brilliance for 72 gold pieces
141854 | Vaults:2 | Bought a scroll of recharging for 332 gold pieces
141854 | Vaults:2 | Bought a scorched ice dragon armour for 2275 gold pieces
141865 | Vaults:2 | Identified the +2 ice dragon armour "Gedoappa" {rF- rC++ Str+1 Dex-5} (You bought it in a shop on level 2 of the Vaults)
141936 | Vaults:3 | Bought a potion of curing for 45 gold pieces
141936 | Vaults:3 | Bought a potion of curing for 45 gold pieces
141936 | Vaults:3 | Bought a potion of curing for 45 gold pieces
141936 | Vaults:3 | Bought a potion of curing for 45 gold pieces
141936 | Vaults:3 | Bought a potion of curing for 45 gold pieces
141936 | Vaults:3 | Bought a potion of brilliance for 60 gold pieces
141936 | Vaults:3 | Bought a potion of brilliance for 60 gold pieces
142984 | Coc:1    | Entered Level 1 of Cocytus
143429 | Coc:5    | Noticed an ancient lich
143432 | Coc:5    | HP: 9/303 [disintegration (68)]
143442 | Coc:5    | Killed an ancient lich
143744 | Coc:7    | Entered Level 7 of Cocytus
144026 | Coc:7    | Noticed Antaeus
144454 | Coc:7    | The Shining One protects you from harm!
144459 | Coc:7    | Killed Antaeus
144502 | Coc:7    | Got an icy rune of Zot
144929 | Dis:1    | Entered Level 1 of the Iron City of Dis
145983 | Dis:7    | Entered Level 7 of the Iron City of Dis
146200 | Dis:7    | Noticed the Serpent of Hell
146209 | Dis:7    | Killed the Serpent of Hell
146407 | Dis:7    | Noticed Dispater
146434 | Dis:7    | Killed Dispater
146444 | Dis:7    | Got a twitching brass amulet
146447 | Dis:7    | Identified the amulet "Mnuyc" {rMut rF+ Dex+1} (You found it on level 7 of the Iron City of Dis)
146450 | Dis:7    | Got an iron rune of Zot
146609 | Hell     | Upgraded the game from 0.16-a0-3250-g88dccf0 to 0.16-a0-3260-g19c2095
147059 | Tomb:1   | Entered Level 1 of the Tomb of the Ancients
147310 | Tomb:2   | Noticed an ancient lich
147314 | Tomb:2   | Killed an ancient lich
147314 | Tomb:2   | Reached skill level 27 in Conjurations
147623 | Tomb:3   | Entered Level 3 of the Tomb of the Ancients
147636 | Tomb:3   | Noticed an ancient lich
147655 | Tomb:3   | Killed an ancient lich
147695 | Tomb:3   | Noticed an ancient lich
147698 | Tomb:3   | Killed an ancient lich
147728 | Tomb:3   | Identified the Almanac of Envenoming
147969 | Tomb:3   | Got a golden rune of Zot
149166 | Zot:5    | Entered Level 5 of the Realm of Zot
149555 | Orc:4    | Bought a scroll of magic mapping for 42 gold pieces
150296 | Zot:5    | Reached skill level 27 in Shields
150323 | Zot:5    | Noticed an ancient lich
150326 | Zot:5    | Killed an ancient lich
150353 | Zot:5    | Noticed an orb of fire
150354 | Zot:5    | Killed an orb of fire
150395 | Zot:5    | Noticed an orb of fire
150402 | Zot:5    | Killed an orb of fire
150403 | Zot:5    | Noticed an orb of fire
150407 | Zot:5    | Killed an orb of fire
150410 | Zot:5    | Noticed an ancient lich
150415 | Zot:5    | Killed an ancient lich
150456 | Zot:5    | Noticed an orb of fire
150461 | Zot:5    | Killed an orb of fire
150506 | Zot:5    | Noticed an orb of fire
150532 | Zot:5    | Killed an orb of fire
150586 | Zot:5    | Noticed an orb of fire
150589 | Zot:5    | Gained mutation: You expend magic power (6 MP) to slightly strengthen your wands. [an orb of fire]
150591 | Zot:5    | Killed an orb of fire
150616 | Zot:5    | Got the Orb of Zot
150887 | Zot:2    | Noticed Kubyfoyn the pandemonium lord
151054 | Depths:5 | Noticed Ceaboar the pandemonium lord
151055 | Depths:5 | Killed Ceaboar the pandemonium lord
151175 | Depths:1 | Noticed Xenavog the pandemonium lord
151190 | Depths:1 | Noticed Lyumouxzea the pandemonium lord
151240 | D:15     | Noticed Emoonuh the pandemonium lord
151280 | D:14     | Noticed Yseluv the pandemonium lord
151282 | D:14     | Killed Yseluv the pandemonium lord
151350 | D:12     | Noticed Fyacvug the pandemonium lord
151351 | D:12     | Killed from afar by Fyacvug the pandemonium lord

Action                   |  1- 3 |  4- 6 |  7- 9 | 10-12 | 13-15 | 16-18 | 19-21 | 22-24 | 25-27 || total
-------------------------+-------+-------+-------+-------+-------+-------+-------+-------+-------++-------
Melee: Unarmed           |    19 |     4 |     7 |       |       |       |       |       |       ||    30
       Dagger            |       |    43 |   124 |   245 |   534 |    72 |       |       |       ||  1018
       Whip              |       |       |       |     4 |       |       |       |       |       ||     4
       Staff             |       |       |       |       |       |    25 |   100 |    18 |   117 ||   260
 Fire: Blowgun           |       |       |     4 |       |       |       |       |       |       ||     4
Throw: Stone             |       |     2 |     2 |    14 |     2 |     1 |     6 |    10 |    18 ||    55
 Cast: Sandblast         |    59 |    99 |   164 |   294 |   332 |   216 |    73 |    14 |     6 ||  1257
       Stoneskin         |       |     1 |    10 |    42 |    61 |    47 |    26 |    57 |   215 ||   459
       Stone Arrow       |       |       |     3 |    65 |   376 |   355 |   341 |   175 |   136 ||  1451
       Lee's Rapid Decon |       |       |     2 |    61 |   269 |   300 |   173 |    92 |   421 ||  1318
       Petrify           |       |       |       |       |    59 |    72 |    50 |    22 |    33 ||   236
       Passwall          |       |       |       |       |       |     4 |     1 |     4 |    85 ||    94
       Iron Shot         |       |       |       |       |       |    36 |   561 |   688 |  2641 ||  3926
       Iskenderun's Batt |       |       |       |       |       |       |    18 |     4 |       ||    22
       Shatter           |       |       |       |       |       |       |       |       |    82 ||    82
       Lehudib's Crystal |       |       |       |       |       |       |       |       |   614 ||   614
       Blink             |       |       |       |       |       |       |       |       |    43 ||    43
       Statue Form       |       |       |       |       |       |       |       |       |    16 ||    16
Invok: Minor Destruction |       |       |       |     9 |       |    15 |    19 |    23 |       ||    66
       Lesser Servant of |       |       |       |     1 |     1 |       |     1 |       |       ||     3
       Greater Servant o |       |       |       |     1 |    14 |    15 |     1 |     1 |       ||    32
       Major Destruction |       |       |       |       |       |       |       |    18 |     4 ||    22
       Cleansing Flame   |       |       |       |       |       |       |       |       |    41 ||    41
       Summon Divine War |       |       |       |       |       |       |       |       |    14 ||    14
       Divine Shield     |       |       |       |       |       |       |       |       |    12 ||    12
       Recite            |       |       |       |       |       |       |       |       |     1 ||     1
       Vitalisation      |       |       |       |       |       |       |       |       |     1 ||     1
       Sanctuary         |       |       |       |       |       |       |       |       |     1 ||     1
 Abil: Evoke Teleportati |       |       |       |     1 |       |       |       |       |     1 ||     2
       Device Recharging |       |       |       |       |       |     1 |       |       |     1 ||     2
       Evoke Flight      |       |       |       |       |       |       |       |       |     6 ||     6
       End Transformatio |       |       |       |       |       |       |       |       |     1 ||     1
Evoke: Wand              |       |       |     4 |     9 |    27 |    14 |    11 |     5 |    55 ||   125
       Stone of tremors  |       |       |       |     1 |     2 |     3 |     1 |     1 |     6 ||    14
       Deck              |       |       |       |       |       |     4 |     3 |     3 |     6 ||    16
       Phial of floods   |       |       |       |       |       |     1 |       |       |     5 ||     6
       Rod               |       |       |       |       |       |       |     3 |       |       ||     3
       Staff of energy   |       |       |       |       |       |       |       |    78 |  3089 ||  3167
       Crystal ball of e |       |       |       |       |       |       |       |       |   836 ||   836
  Use: Potion            |     2 |     3 |     3 |     5 |     8 |     8 |     5 |     1 |    72 ||   107
       Scroll            |     3 |     2 |     2 |    11 |    18 |    14 |    17 |     5 |    58 ||   130
 Stab: Sleeping          |       |     2 |     5 |     1 |     7 |       |       |       |       ||    15
       Confused          |       |       |     1 |       |       |       |       |       |       ||     1
       Distracted        |       |       |       |       |     3 |       |       |       |     1 ||     4
  Eat: Chunk             |     2 |     8 |    17 |    47 |   172 |   188 |   366 |   289 |    97 ||  1186
       Fruit             |       |       |     1 |     8 |    14 |     3 |    10 |     4 |    11 ||    51
       Beef jerky        |       |       |     1 |       |       |     1 |     1 |       |     4 ||     7
       Pizza             |       |       |       |     2 |       |     1 |       |       |     2 ||     5
       Bread ration      |       |       |       |     1 |     3 |       |       |       |    23 ||    27
       Meat ration       |       |       |       |       |     6 |     9 |     1 |     3 |    19 ||    38
       Royal jelly       |       |       |       |       |       |       |       |       |     1 ||     1
